 Dungeon Crawl Stone Soup version 0.28.0 (webtiles) character file.

Game seed: 11045209550096170747

51 issech the Cudgeller (level 3, -6/36 HPs)
             Began as a Troll Monk on Feb 16, 2022.
             Splashed by a jelly's acid (11 damage)
             ... on level 2 of the Dungeon.
             The game lasted 00:03:29 (1214 turns).

issech the Cudgeller (Troll Monk)                   Turns: 1214, Time: 00:03:30

Health: -6/36      AC: -11   Str: 19    XL:     3   Next: 58%
Magic:  2/2        EV: 10    Int:  6    God:
Gold:   84         SH:  0    Dex: 14    Spells: 2/2 levels left

rFire   . . .      SeeInvis .   a - +0 mace
rCold   . . .      Faith    .   (no shield)
rNeg    . . .      Spirit   .   b - +0 robe
rPois   .          Reflect  .   (helmet restricted)
rElec   .          Harm     .   d - +0 cloak
rCorr   .          Rampage  .   (gloves unavailable)
Will    .....                   (boots unavailable)
Stlth   ++........              (no amulet)
HPRegen 0.92/turn               (no ring)
MPRegen 0.08/turn               (no ring)

@: corroded
A: large, unfitting armour, claws 3, regeneration 1, shaggy fur 1, tough skin 1
a: no special abilities


You were on level 2 of the Dungeon.
You visited 1 branch of the dungeon, and saw 2 of its levels.

You collected 84 gold pieces.

Inventory:

Hand Weapons
 a - a +0 mace (weapon)
 j - a +0 vampiric dagger
Missiles
 c - 53 stones (quivered)
 k - 5 curare-tipped darts
Armour
 b - a +0 robe (worn)
 d - a +0 cloak (worn)
Scrolls
 e - a scroll of magic mapping {unknown}
 f - a scroll of amnesia {unknown}
 g - a scroll of acquirement {unknown}
 h - a scroll of teleportation {unknown}
Potions
 i - a potion of haste {unknown}


   Skills:
 + Level 2.8 Fighting
 + Level 3.4 Maces & Flails
 + Level 2.9 Dodging
 + Level 1.0 Stealth


You had 2 spell levels left.
You didn't know any spells.
Your spell library was empty.

Dungeon Overview and Level Annotations

Branches:
Dungeon (2/15)

Altars:


Innate Abilities, Weirdness & Mutations

You are too large for most types of armour.
You have claws for hands.
Your natural rate of healing is unusually fast.
You are covered in fur. (AC +1)
You have tough skin. (AC +1)


Message History

The quokka barely misses you. The quokka barely misses you.
You see here 5 curare-tipped darts.
You thump the quokka!
You kill the quokka!
You see here a quokka corpse.
k - 5 curare-tipped darts You see here a quokka corpse.
A goblin comes into view. It is wielding a +0 dagger.
The goblin shouts!
You hit the goblin.
You kill the goblin!
You see here a +0 dagger.
Found a scythe.
A jelly comes into view.
Found 23 arrows and a scroll labelled ZUOJUO KAMU.
The jelly closely misses you.
You hit the jelly.
Your claws burn!
The jelly is moderately wounded.
The jelly misses you. The jelly closely misses you.
You hit the jelly.
Your claws burn!
The jelly is heavily wounded.
The jelly hits you but does no damage.
You hit the jelly. The acid corrodes you!
Your claws burn!
The jelly is heavily wounded.
The jelly closely misses you.
You hit the jelly.
Your claws burn!
The jelly is severely wounded.
The jelly hits you. The acid corrodes you!
You are splashed with acid!
You hit the jelly but do no damage. The acid corrodes you!
Your claws burn!
The jelly is severely wounded.
The jelly hits you.
You are splashed with acid!
* * * LOW HITPOINT WARNING * * *
You hit the jelly but do no damage. The acid corrodes you!
Your claws burn!
* * * LOW HITPOINT WARNING * * *
The jelly is severely wounded.
The jelly misses you. The jelly hits you.
* * * LOW HITPOINT WARNING * * *
You are splashed with acid!
You die...

#......#...#### ##
#####..##.....# #.
##.....###.## #.
#..###รท.....#####.
#.## #.##.#....#.. #.#
#.##..###.... #.#
#..##..###... #.# ##.
## ###..# #@# .#
#.#....# #J#
.###.#...## ...
.##.....## ()...
.....#...# .......
.....##..# .........
.........##
............>.[.##....
?.............##
##.##. ##..##.


You could see a jelly.

Vanquished Creatures
  2 adders (D:2)
  2 bats
  2 endoplasms
  A giant cockroach (D:2)
  2 hobgoblins
  6 jackals (D:1)
  2 kobolds (D:1)
  A quokka (D:2)
  5 ball pythons
  A frilled lizard (D:2)
  3 goblins
  3 rats
30 creatures vanquished.

Notes
Turn   | Place    | Note
-------+----------+-------------------------------------------
     0 | D:1      | issech the Troll Monk began the quest for the Orb.
     0 | D:1      | Reached XP level 1. HP: 22/22 MP: 0/0
   203 | D:1      | Reached XP level 2. HP: 29/29 MP: 1/1
   281 | D:1      | Reached skill level 3 in Maces & Flails
   926 | D:2      | Reached XP level 3. HP: 30/36 MP: 2/2
  1214 | D:2      | Splashed by a jelly's acid

Illustrated notes

Levels and vault maps discovered:
D:1:      dpeg_arrival_long_road, layout_basic
D:2:      layout_rooms

Skill      XL: |  1  2 |
---------------+-------+-----
Maces & Flails | 3 |  3.4
Fighting       | |  2.8
Dodging        | |  2.9
Stealth        | |  1.0

Action                   || total
-------------------------++-------
Melee: Mace              ||    91
Armor: Robe              ||    60
Dodge: Dodged            ||    67
